ZaZza, lawful female human Samurai ---------------- --------- ----------- |..<............ .........| |[[).)?..*| |..............| | |.(!(.?)(%-# -.------------ - |!%.+/%m@@|# ##### |"?%...W..|# ## |(..?!.f..|# #### -----------### ## # ### ### # # -.--.- ##-..%.. |....| |..^.. ------ ZaZza the Ronin Experience level: 5 Strength: 11 Dexterity: 15 Constitution: 18 Intelligence: 10 Wisdom: 8 Charisma: 9 Health: 0(53) Energy: 19(19) Def: 7 Gold: 139 Moves: 3105 Dungeon seed: qVBSpv03QUm11HSc Game ID: ZaZza_1525891280 Your Inventory: Coins $ - 139 gold pieces Weapons a - a corroded +0 katana b - a +0 wakizashi c - a +0 yumi (weapon in hand) d - 37 +0 ya (in quiver) h - a +0 nunchaku u - 7 +0 elven arrows C - a +0 sling E - a +0 sling G - 9 +0 arrows M - a cursed +0 aklys Armor e - a blessed rustproof +0 splint mail (being worn) n - an uncursed +0 dwarvish cloak (being worn) y - an uncursed +0 orcish helm (being worn) Comestibles z - an uncursed lichen corpse O - an uncursed fortune cookie Scrolls j - an uncursed scroll of create monster k - an uncursed scroll of light x - an uncursed scroll of blank paper L - an uncursed scroll of enchant weapon Spellbooks A - a blessed spellbook of clairvoyance Potions K - an uncursed potion of healing U - an uncursed potion of sickness Tools I - a cursed tallow candle (0:200) Gems q - an uncursed amber stone r - an uncursed jet stone N - an uncursed worthless piece of black glass Spells and supernatural/magical abilities: Name Level Category Fail Memory W - pray for help -- divine ? -- Your skills at the end: Fighting Skills martial arts [Basic] Weapon Skills short sword [Basic] long sword [Basic] bow [Basic] Spellcasting Skills Final Attributes: You were piously aligned. You were held by a giant mimic. You were fast. You are dead. Vanquished creatures: a small mimic 2 rock piercers a shrieker a gray ooze 5 giant ants a homunculus a kobold shaman a rothe a rabid rat a giant bat a wererat an acid blob 3 hobbits 2 manes a giant rat a yellow mold a red mold 2 gnomes 6 garter snakes a gecko 3 jackals 3 kobolds 2 goblins 5 sewer rats 9 grid bugs 3 lichens 3 kobold zombies 6 newts 68 creatures vanquished. Voluntary challenges: You used a wielded weapon 114 times, starting on turn 1. You were illiterate. You never genocided any monsters. You never polymorphed an object. You never changed form. You used no wishes. You never split a pudding. You never wrote Elbereth's name. You never violated your personal moral code. Dungeon overview: The Dungeons of Doom: levels 1 to 5 Level 1 a long staircase Level 2 a general store, an altar to Susanowo, a fountain Level 3 stairs to The Gnomish Mines Level 4 a fountain, a sink Level 5 <- You were here a general store The Gnomish Mines: Level 4 stairs to The Dungeons of Doom History has recorded: On T:1 you entered the Dungeons of Doom to retrieve the Amulet of Yendor! On T:60 you reached level 2 of The Dungeons of Doom. On T:680 you advanced to experience level 2. On T:1183 you advanced to experience level 3. On T:1331 you reached level 3 of The Dungeons of Doom. On T:1732 you advanced to experience level 4. On T:2041 you reached level 1 of The Gnomish Mines. On T:2068 you reached level 4 of The Dungeons of Doom. On T:2216 you advanced to experience level 5. On T:2980 you reached level 5 of The Dungeons of Doom. Score breakdown: Gold: 139 ( 7300 points) Experience: 5 levels (11141 points) Exploration: 5 levels ( 10.20%) ( 8660 points) Discoveries: 4 items ( 1.63%) ( 3825 points) Valuables value: (no points given unless you survive) Artifact value: 0 ( 0 points) Variety of kills: 28 monsters ( 7.35%) ( 8132 points) Turncount: 3105 turns ( -650 points) Survival: died (score multiplied by 80%) Total score: 30726 Latest messages: You see here a short wand (200 zorkmids). You see here a whistle (13 zorkmids). The kitten misses wizbiz's ghost. You miss wizbiz's ghost. The kitten misses wizbiz's ghost. Wizbiz's ghost touches you! The kitten misses wizbiz's ghost. Wonotobo says that business is good. The kitten misses wizbiz's ghost. (3x) Wait! That's a giant mimic! The kitten misses wizbiz's ghost. Wonotobo says that business is good. You cannot escape from the giant mimic! The kitten misses wizbiz's ghost. (2x) You are now wielding your yumi. The kitten misses wizbiz's ghost. The giant mimic hits! (2x) You die... Wonotobo gratefully inherits all your possessions. Final status: Sayonara ZaZza the Samurai, killed by a giant mimic... You died in The Dungeons of Doom on dungeon level 5 with 30726 points, and 139 pieces of gold, after 3105 moves. You were level 5 with a maximum of 53 hit points when you died.